 Dungeon Crawl Stone Soup version 0.14-a0-1576-gf4c5cb9 (webtiles) character file.

11469 Jenx the Conjurer (level 11, -15/62 HPs)
             Began as a Deep Elf Conjurer on Dec 21, 2013.
             Was an Elder of Vehumet.
             Demolished by Rupert
             ... wielding a +1,+2 great mace of protection
              (17 damage)
             ... on Level 3 of the Lair of Beasts.
             The game lasted 01:29:15 (14678 turns).

Jenx the Conjurer (Deep Elf Conjurer)              Turns: 14678, Time: 01:29:15

HP -15/62        AC 13     Str  5      XL: 11   Next: 41%
MP   5/33        EV 14     Int 24      God: Vehumet [****..]
Gold 617         SH  0     Dex 15      Spells:  7 memorised,  4 levels left

rFire  . . .     SeeInvis .     a - +2 trident (protect)
rCold  . . .     Clarity  .     n - +0 robe
rNeg   . . .     Conserve .     (no shield)
rPois  .         rCorr    .     (no helmet)
rElec  .         rRot     .     p - +2 cloak
SustAb . .       Spirit   .     D - +2 pair of dwarf gloves
rMut   .         Warding  .     (no boots)
Saprov . . .     Stasis   .     (no amulet)
                                E - ring of flight
                                f - +1 ring of evasion

@: flying, very slightly contaminated, hasted, very quick, somewhat resistant to
hostile enchantments, stealthy
A: no striking features
a: Renounce Religion, Stop Flying


You were on level 3 of the Lair of Beasts.
You worshipped Vehumet.
Vehumet was greatly pleased with you.
You were not hungry.

You visited 3 branches of the dungeon, and saw 14 of its levels.
You also visited: Labyrinth and Sewer.

You collected 617 gold pieces.

Inventory:

Hand weapons
 a - a +2,+2 trident of protection (weapon)
Armour
 n - a +0 robe (worn)
 p - a +2 cloak (worn)
 D - a +2 pair of dwarven gloves (worn)
Magical devices
 b - a wand of fire (3)
 v - a wand of flame (11)
 A - a wand of cold (6)
 L - a wand of slowing (16) {unknown}
 M - a wand of random effects (14) {unknown}
 S - a wand of fire (2)
Comestibles
 h - an apricot
 k - a honeycomb
 m - 4 meat rations
 I - 6 bread rations
Scrolls
 g - 3 scrolls of fog
 j - 2 scrolls of recharging {unknown}
 l - a scroll of vulnerability
 s - a scroll of fear
 u - 6 scrolls of teleportation
 y - a scroll of blinking
 B - 2 scrolls of amnesia
 C - 3 scrolls of remove curse
Jewellery
 f - a +1 ring of evasion (left hand)
 E - a ring of flight (right hand)
 F - an uncursed amulet of stasis
 N - a cursed ring of teleportation {unknown}
 O - an uncursed ring of see invisible {unknown}
 Q - an uncursed amulet of resist mutation {unknown}
Potions
 i - a potion of degeneration {unknown}
 o - a potion of paralysis {unknown}
 r - 2 potions of might
 t - 3 potions of brilliance
 w - a potion of resistance {unknown}
 x - a potion of magic {unknown}


   Skills:
 - Level 4.5 Fighting
 - Level 2.4 Dodging
 - Level 2.4 Stealth
 - Level 11.8 Spellcasting
 + Level 12.7 Conjurations
 - Level 11.0 Charms
   Level 3.3 Ice Magic
 - Level 5.0 Evocations


You had 4 spell levels left.
You knew the following spells:

 Your Spells              Type           Power        Failure   Level  Hunger
a - Magic Dart            Conj           ####         1%          1    None
b - Dazzling Spray        Conj/Hex       #####...     1%          3    None
c - Iskenderun's Mystic   Conj           ######..     1%          4    None
d - Bolt of Fire          Conj/Fire      #####.....   21%         6    #####..
e - Lightning Bolt        Conj/Air       #####.....   3%          5    ###....
f - Iskenderun's Battles  Conj/Chrm      ######..     1%          4    None
g - Haste                 Chrm           ######..     10%         6    #####..


Dungeon Overview and Level Annotations

Branches:
Dungeon (10/16)            Temple (1/1) D:6             Orc (0/4) D:9
   Lair (3/8) D:10
  Swamp: Lair:3-6    Shoals: Lair:3-6     Snake: Lair:3-6    Spider: Lair:3-6

Altars:
Ashenzari
Cheibriados
Elyvilon
Kikubaaqudgha
Makhleb
Nemelex Xobeh
Okawaru
Sif Muna
Trog
Vehumet
Xom
Yredelemnul
Zin
the Shining One

Annotations:
D:3 Grinder
Lair:3 Rupert


Message History

Rupert roars madly and goes into a rage!
Rupert goes berserk!
Rupert hits you with a runed great mace!
* * * LOW HITPOINT WARNING * * *
Drink which item? (? for menu, Esc to quit)
You feel much better. Rupert misses you.
Drink which item? (? for menu, Esc to quit)
You feel much better.
Rupert hits you with a runed great mace!
Ouch! That really hurt!
Drink which item? (? for menu, Esc to quit)
You feel yourself speed up. Rupert barely misses you.
You are very lightly contaminated with residual magic.
Rupert rages.
You hit the bush but do no damage.
Rupert hits you with a runed great mace!
* * * LOW HITPOINT WARNING * * *
Rupert rages.
Rupert hits you with a runed great mace!
You die...

............##
........%...#
............#
.......#....#
........##...#
.............#
........#P...#
.........#....##
.......>@@.....#
...........%..##
.........#....##
.........##...(#
.........##...###
..........#......#
.........%.#....##
....[.....##...##
..........#...#


You could see Rupert (berserk).

Vanquished Creatures
  A minotaur (Lab)
  2 hydras
  4 spiny frogs
  Prince Ribbit (D:9)
  A troll (D:9)
  A trapdoor spider (Lab)
  A hill giant zombie (D:8)
  15 yaks
  A hippogriff (Lair:1)
  A hungry ghost (D:7)
  3 porcupines
  4 orc warriors
  3 phantoms
  A centaur (D:7)
  A black bear (D:9)
  2 sky beasts (D:9)
  2 ice beasts (D:9)
  2 ogres
  A crocodile (Lair:2)
  10 giant frogs
  2 giant slugs
  A water moccasin (Lair:3)
  An eye of draining (D:9)
  A gnoll sergeant (D:6)
  4 wights (D:8)
  A giant frog zombie (D:8)
  A crimson imp (D:5)
  4 orc priests
  3 goliath beetles
  4 hounds
  4 orc wizards
  3 giant frog skeletons
  4 iguanas
  A scorpion (D:9)
  9 worker ants
  A killer bee zombie (D:6)
  An ogre zombie (D:5)
  An ogre skeleton (D:9)
  3 gnolls (D:7)
  A worker ant zombie (D:6)
  22 adders
  A worm zombie (D:4)
  A giant centipede (Lair:3)
  An inept item mimic (D:7)
  2 giant mites
  22 green rats
  4 worms
  An adder skeleton (D:4)
  An adder zombie (D:4)
  17 grey rats (Sewer)
  2 giant eyeballs
  7 giant geckos
  4 oozes
  33 orcs
  7 giant cockroaches
  16 hobgoblins
  13 jackals
  10 kobolds
  7 ball pythons (Sewer)
  21 bats
  A giant gecko skeleton (D:4)
  9 giant newts
  14 goblins
  A goblin zombie (D:5)
  4 hobgoblin zombies
  A kobold skeleton (D:5)
  2 kobold zombies
  2 orc skeletons
  7 quokkas
  20 rats
  A fungus (Lair:1)
  A plant (D:10)
362 creatures vanquished.

Notes
Turn   | Place    | Note
--------------------------------------------------------------
     0 | D:1      | Jenx, the Deep Elf Conjurer, began the quest for the Orb.
     0 | D:1      | Reached XP level 1. HP: 10/10 MP: 5/5
   298 | D:1      | Reached XP level 2. HP: 13/15 MP: 0/8
   318 | D:1      | Reached skill level 5 in Conjurations
   851 | D:1      | Reached XP level 3. HP: 19/19 MP: 5/10
   876 | D:1      | Learned a level 3 spell: Dazzling Spray
  1488 | D:2      | Reached skill level 6 in Conjurations
  1605 | D:2      | Found a shimmering altar of Xom.
  1605 | D:2      | Found a basalt altar of Yredelemnul.
  1765 | D:2      | Reached XP level 4. HP: 24/24 MP: 6/13
  1771 | D:2      | Learned a level 4 spell: Iskenderun's Mystic Blast
  2190 | D:3      | Noticed Grinder
  2345 | D:4      | Reached skill level 7 in Conjurations
  2345 | D:4      | Reached XP level 5. HP: 21/28 MP: 2/16
  2675 | D:4      | Paralysed by a giant eyeball for 3 turns
  3323 | D:5      | Entered Level 5 of the Dungeon
  3325 | D:5      | Noticed a phantom
  3573 | D:5      | Reached skill level 8 in Conjurations
  3573 | D:5      | Reached XP level 6. HP: 32/32 MP: 13/18
  3654 | D:5      | Killed a phantom
  3873 | D:5      | Found a glowing silver altar of Zin.
  3873 | D:5      | Noticed an angel
  3995 | D:5      | Noticed an ogre
  4004 | D:5      | Killed an ogre
  4004 | D:5      | Reached skill level 9 in Conjurations
  4121 | D:5      | Found a glowing drain.
  4127 | D:5      | Reached XP level 7. HP: 34/36 MP: 2/20
  4137 | Sewer    | Entered a sewer
  4820 | Sewer    | Learned a level 4 spell: Iskenderun's Battlesphere
  4835 | Sewer    | Reached skill level 1 in Charms
  5353 | D:5      | Reached skill level 10 in Conjurations
  5953 | D:6      | Reached XP level 8. HP: 13/41 MP: 15/23
  5960 | D:6      | Reached skill level 5 in Spellcasting
  6428 | D:6      | Learned a level 4 spell: Throw Icicle
  6661 | D:6      | Found a staircase to the Ecumenical Temple.
  6669 | Temple   | Entered the Ecumenical Temple
  6683 | Temple   | Became a worshipper of Vehumet
  7221 | D:7      | Reached skill level 1 in Evocations
  7455 | D:7      | Reached skill level 5 in Evocations
  7648 | D:7      | Acquired Vehumet's first power
  7648 | D:7      | Offered knowledge of Sting by Vehumet.
  7751 | D:7      | Reached skill level 11 in Conjurations
  7751 | D:7      | Reached XP level 9. HP: 45/45 MP: 8/25
  8453 | D:8      | Paralysed by a giant eyeball for 3 turns
  8457 | D:8      | Paralysed by a giant eyeball for 3 turns
  9258 | D:9      | Noticed Prince Ribbit
  9611 | D:9      | Killed Prince Ribbit
  9613 | D:9      | Reached skill level 10 in Spellcasting
  9976 | D:9      | Offered knowledge of Shock by Vehumet.
 10308 | D:9      | Reached XP level 10. HP: 50/50 MP: 23/32
 10356 | D:9      | Reached skill level 1 in Fighting
 10516 | D:9      | Offered knowledge of Static Discharge by Vehumet.
 10675 | D:9      | Found a staircase to the Orcish Mines.
 10903 | D:10     | Entered Level 10 of the Dungeon
 10931 | D:10     | Found a staircase to the Lair.
 10970 | Lair:1   | Entered Level 1 of the Lair of Beasts
 11237 | Lair:1   | Acquired Vehumet's second power
 11237 | Lair:1   | Reached skill level 5 in Charms
 11300 | Lair:1   | Noticed a four-headed hydra
 11306 | Lair:1   | Killed a four-headed hydra
 11678 | Lair:1   | Learned a level 6 spell: Haste
 11697 | Lair:1   | Reached skill level 10 in Charms
 11700 | Lair:1   | Offered knowledge of Stone Arrow by Vehumet.
 11941 | Lair:1   | Reached XP level 11. HP: 62/62 MP: 24/33
 12374 | Lair:2   | Found a labyrinth entrance.
 12382 | Lab      | Entered a labyrinth
 13696 | Lab      | Noticed a minotaur
 13705 | Lab      | Killed a minotaur
 13714 | Lab      | Identified Jetehuin's Handbook of Excruciating Black Magic
 13746 | Lair:2   | Learned a level 6 spell: Bolt of Fire
 13992 | Lair:2   | Reached skill level 12 in Conjurations
 14573 | Lair:3   | Acquired Vehumet's third power
 14596 | Lair:3   | Offered knowledge of Lightning Bolt by Vehumet.
 14603 | Lair:3   | Learned a level 5 spell: Lightning Bolt
 14608 | Lair:3   | Noticed a five-headed hydra
 14612 | Lair:3   | Noticed Rupert
 14617 | Lair:3   | Killed a five-headed hydra
 14658 | Lair:3   | Paralysed by Rupert for 3 turns
 14673 | Lair:3   | HP: 2/62 [Rupert/runed great mace (26)]
 14678 | Lair:3   | Demolished by Rupert

Action                   |  1- 3 |  4- 6 |  7- 9 | 10-12 || total
-------------------------+-------+-------+-------+-------++-------
Melee: Dagger            |    15 |     1 |    10 |       ||    26
       Trident           |       |       |    41 |    53 ||    94
       Spear             |       |       |     5 |       ||     5
Throw: Dart              |     8 |       |     3 |       ||    11
 Cast: Magic Dart        |    83 |   140 |   286 |   100 ||   609
       Dazzling Spray    |     2 |     5 |    89 |   119 ||   215
       Iskenderun's Myst |       |    10 |    17 |    13 ||    40
       Iskenderun's Batt |       |       |    14 |    20 ||    34
       Throw Icicle      |       |       |     3 |       ||     3
       Bolt of Fire      |       |       |       |     1 ||     1
       Lightning Bolt    |       |       |       |     1 ||     1
       Haste             |       |       |       |     1 ||     1
 Abil: Evoke Flight      |       |       |       |     2 ||     2
Evoke: Wand              |       |     1 |     3 |       ||     4
  Use: Scroll            |       |     9 |    11 |    11 ||    31
       Potion            |       |       |     4 |    13 ||    17
 Stab: Distracted        |       |       |     1 |       ||     1
       Invisible         |       |       |     2 |     1 ||     3
